 Dungeon Crawl Stone Soup version 0.24.0-123-gd5b16e6ec5 (webtiles) character file.

Game seed: 3073012838281924394, levelgen mode: deterministic

59 IrvingSpaghetti the Sneak (level 4, 0/30 HPs)
             Began as a Human Conjurer on Dec 24, 2019.
             Slain by an orc wizard
             ... wielding a +0 dagger of venom
              (3 damage)
             ... on level 3 of the Dungeon.
             The game lasted 00:03:17 (998 turns).

IrvingSpaghetti the Sneak (Human Conjurer)           Turns: 998, Time: 00:03:18

Health: 0/30       AC:  2    Str:  8    XL:     4   Next: 22%
Magic:  5/7        EV: 12    Int: 16    God:
Gold:   0          SH:  0    Dex: 14    Spells: 4/7 levels left

rFire    . . .     SeeInvis .   (no weapon)
rCold    . . .     Gourm    .   (no shield)
rNeg     . . .     Faith    .   a - +0 robe
rPois    .         Spirit   .   (no helmet)
rElec    .         Reflect  .   (no cloak)
rCorr    .         Harm     .   (no gloves)
MR       .....                  (no boots)
Stlth    +++.......             (no amulet)
HPRegen  0.10/turn              (no ring)
MPRegen  0.10/turn              (no ring)

@: lethally poisoned (0 -> -28)
A: no striking features
a: no special abilities


You were on level 3 of the Dungeon.
You were not hungry.

You visited 1 branch of the dungeon, and saw 4 of its levels.

Inventory:

Hand Weapons
 h - a +0 club
 m - a +0 mace
Missiles
 d - 22 arrows
 k - 48 stones (quivered)
Armour
 a - a +0 robe (worn)
Scrolls
 e - a scroll of immolation {unknown}
 f - a scroll of magic mapping {unknown}
 l - a scroll of identify {unknown}
Potions
 b - a potion of heal wounds {unknown}
 g - a potion of invisibility {unknown}
 i - a potion of might {unknown}
 j - 2 potions of ambrosia {unknown}
Comestibles
 c - a ration
 n - a chunk of flesh


   Skills:
 - Level 2.0 Dodging
 + Level 4.5 Stealth
 - Level 2.0 Spellcasting
 - Level 4.0 Conjurations


You had 4 spell levels left.
You knew the following spells:

 Your Spells              Type           Power        Failure   Level  Hunger
a - Magic Dart            Conj           ##..         4%          1    #......
b - Searing Ray           Conj           ##....       6%          2    ###....

Your spell library contained the following spells:

 Spells                   Type           Power        Failure   Level  Hunger
 Dazzling Spray           Conj/Hex       #.....       26%         3    ###....
 Iskenderun's Mystic Bla  Conj           ##......     36%         4    #####..
 Force Lance              Conj/Tloc      #.......     65%         4    #####..
 Fulminant Prism          Conj/Hex       #.........   65%         4    #####..


Dungeon Overview and Level Annotations

Branches:
Dungeon (4/15)
 Temple: D:4-7

Altars:
Cheibriados


Message History

The orc wizard casts a spell.
The orc wizard flickers and vanishes!
Deactivating autopickup; reactivate with Ctrl-A.
You feel sick.
You hear some strange, mumbled words.
You are confused.
You feel sick.
You completely miss something. Something hits you.
You are more poisoned.
You feel sick. Something hits you.
You are more poisoned.
You closely miss something.
You feel sick. Something hits you.
* * * LOW HITPOINT WARNING * * *
You are more poisoned.
You bump into the rock wall.
You feel less confused.
* * * LOW HITPOINT WARNING * * *
You feel very sick. Something hits you.
You die...

#.#
#############.#
#.............#
#.#############
########.#
.........#
.........#
.........#
.......@{#
########.# #.#
###########.##
..........>).#
......##.#.<##
..... #.#..#
.... .......
.## .........


There were no monsters in sight!

Vanquished Creatures
  An orc priest (D:3)
  An adder (D:3)
  An ooze (D:1)
  A leopard gecko (D:3)
  An orc (D:4)
  2 giant cockroaches (D:3)
  2 goblins (D:1)
  3 hobgoblins (D:1)
  A frilled lizard (D:1)
  4 rats
17 creatures vanquished.

Notes
Turn   | Place    | Note
-------+----------+-------------------------------------------
     0 | D:1      | IrvingSpaghetti the Human Conjurer began the quest for the
                  | Orb.
     0 | D:1      | Reached XP level 1. HP: 13/13 MP: 3/3
   224 | D:1      | Reached XP level 2. HP: 19/19 MP: 1/5
   272 | D:1      | Learned a level 2 spell: Searing Ray
   616 | D:3      | Reached XP level 3. HP: 24/24 MP: 2/6
   690 | D:4      | Found a snail-covered altar of Cheibriados.
   702 | D:4      | Noticed an ogre
   922 | D:3      | Reached XP level 4. HP: 27/30 MP: 2/7
   998 | D:3      | Slain by an orc wizard

Levels and vault maps discovered:
D:1:      minmay_arrival_diagonal_passages, layout_loops_cross, minivault_19,
          minmay_tiny_reverse_x
D:2:      layout_basic, nicolae_overflow_hidden_temple, xom_redecorated,
          uniq_sigmund
D:3:      layout_basic, gammafunk_temple_overflow_arena, first_ration,
          kennysheep_slug_shrine
D:4:      layout_cave_pods, kennysheep_mini, elyvilon_altar_1,
          makhleb_heckhound_becter

Skill      XL: |  1  2  3 |
---------------+----------+-----
Stealth        | 3 4 |  4.5
Dodging        | |  2.0
Spellcasting   | |  2.0
Conjurations   | |  4.0

Action                   |  1- 3 |  4- 6 || total
-------------------------+-------+-------++-------
Melee: Unarmed           |    11 |     2 ||    13
 Cast: Magic Dart        |    27 |       ||    27
       Searing Ray       |     4 |     1 ||     5
  Eat: Chunk             |       |     1 ||     1
Armor: Robe              |     3 |     1 ||     4
Dodge: Dodged            |    12 |     2 ||    14
